 Dungeon Crawl Stone Soup version 0.24.0-37-gcf1ca852f1 (webtiles) character file.

Game seed: 150787467965545499, levelgen mode: deterministic

37 Goreval the Chopper (level 3, -3/33 HPs)
             Began as a Hill Orc Monk on Dec 8, 2019.
             Killed from afar by Natasha (5 damage)
             ... with a magic dart
             ... on level 1 of the Dungeon.
             The game lasted 00:02:07 (1124 turns).

Goreval the Chopper (Hill Orc Monk)                 Turns: 1124, Time: 00:02:07

Health: -3/33      AC:  4    Str: 14    XL:     3   Next: 39%
Magic:  3/3        EV: 13    Int: 10    God:
Gold:   49         SH:  0    Dex: 13    Spells: 2/2 levels left

rFire    . . .     SeeInvis .   a - +0 hand axe
rCold    . . .     Gourm    .   (no shield)
rNeg     . . .     Faith    .   b - +0 robe
rPois    .         Spirit   .   (no helmet)
rElec    .         Reflect  .   e - +1 cloak
rCorr    .         Harm     .   (no gloves)
MR       .....                  (no boots)
Stlth    ++........             (no amulet)
HPRegen  0.11/turn              (no ring)
MPRegen  0.08/turn              (no ring)

@: no status effects
A: no striking features
a: no special abilities


You were on level 1 of the Dungeon.
You were not hungry.

You visited 1 branch of the dungeon, and saw 2 of its levels.

You collected 49 gold pieces.

Inventory:

Hand Weapons
 a - a +0 hand axe (weapon)
Missiles
 f - 13 stones (quivered)
Armour
 b - a +0 robe (worn)
 e - a +1 cloak (worn)
Jewellery
 d - an uncursed ring of fire
Scrolls
 g - 2 scrolls of magic mapping {unknown}
 i - a scroll of blinking {unknown}
 j - a scroll of remove curse {unknown}
Potions
 h - a potion of flight {unknown}
 k - a potion of lignification {unknown}
Comestibles
 c - 2 rations


   Skills:
 + Level 4.2 Fighting
 * Level 5.3 Axes
 - Level 2.4 Dodging
 - Level 1.5 Stealth


You had 2 spell levels left.
You didn't know any spells.
Your spell library was empty.

Dungeon Overview and Level Annotations

Branches:
Dungeon (2/15)

Altars:
Ashenzari

Annotations:
D:1 Natasha


Message History

Natasha mumbles some strange words.
Natasha shimmers violently.
A goblin comes into view. It is wielding a +0 club.
The goblin shouts!
You hit the rat.
You kill the rat!
Unknown command.
Natasha claws you.
You climb upwards.
There is a stone staircase leading down here.
You hit Natasha. Natasha claws you!
You closely miss Natasha. Natasha claws you!
You hit Natasha but do no damage.
Natasha stares at you and mumbles some strange words.
The magic dart hits you!
* * * LOW HITPOINT WARNING * * *
You hit Natasha but do no damage.
Natasha stares at you and mumbles some strange words.
The magic dart hits you.
You die...

♣♣P......# #.♣ P♣♣♣PP♣..# #####.♣
.PP..P.P.# ##...#.♣
.........############# #......♣
......##.>...........♣♣♣♣♣♣♣♣.(.♣
......##########..###♣♣..♣.♣♣♣..♣
......## #..##...♣♣..P.....
.......## #h....♣♣♣♣♣...♣...
........### #@###.#♣♣♣♣♣♣♣♣#..
......#...#### #.# #..##.# ###
......###....###.####....#####
......# ####.................####
......# ######...#............
##.##.#### ###.#.....####.##
#..##....# #..)###...##...
#.######.##########...# ###.#####
..# #...#..........# #......


You could see Natasha.

Vanquished Creatures
  A dart slug (D:1)
  2 leopard geckos (D:1)
  6 bats (D:1)
  2 giant cockroaches (D:1)
  2 goblins (D:1)
  A hobgoblin (D:1)
  8 kobolds (D:1)
  2 frilled lizards (D:1)
  9 rats
33 creatures vanquished.

Notes
Turn   | Place    | Note
-------+----------+-------------------------------------------
     0 | D:1      | Goreval the Hill Orc Monk began the quest for the Orb.
     0 | D:1      | Reached XP level 1. HP: 19/19 MP: 1/1
    40 | D:1      | Reached XP level 2. HP: 27/27 MP: 2/2
   327 | D:1      | Found a shattered altar of Ashenzari.
   463 | D:1      | Reached skill level 5 in Axes
   466 | D:1      | Reached XP level 3. HP: 26/33 MP: 3/3
  1107 | D:2      | Noticed Natasha
  1124 | D:1      | Killed from afar by Natasha

Levels and vault maps discovered:
D:1:      co_arrival_two_rings, layout_rooms, serial_forest,
          infiniplex_forest_end_3, infiniplex_forest_straight_3,
          infiniplex_forest_clump_curved, infiniplex_forest_zigzag_1,
          infiniplex_forest_clump_double, infiniplex_forest_straight_2,
          ashenzari_altar_1
D:2:      layout_rooms, chequers_ecumenical_altar_grove, first_ration,
          minmay_tripent, uniq_natasha, uniq_terence

Skill      XL: |  1  2 |
---------------+-------+-----
Fighting       | 4 |  4.2
Axes           | 5 |  5.3
Dodging        | |  2.4
Stealth        | |  1.5

Action                   || total
-------------------------++-------
Melee: Hand axe          ||   113
 Stab: Sleeping          ||     4
  Eat: Chunk             ||     1
Armor: Robe              ||    32
Dodge: Dodged            ||   103
